Map: Abiogenesis LE

Players

Kozzy

  • Race: Protoss Protoss
  • League: Gold
  • Spawn Location: 5:00

RockRiver - Winner!

  • Race: Terran Terran
  • League: Platinum
  • Spawn Location: 11:00

VOD

Have the link to the VOD?

Description

Time

  • Played on: April 10, 2018, 2:04 p.m.
  • Length: 12:37
Show
View Real Time Build Order
Export as new Build Order

Kozzy Protoss 

Build Orders: Zealot Archon 

Get SALT Encoding   

  12  0:02  Probe  
  13  0:14  Probe  
  14  0:26  Probe  
  14  0:27  Pylon  
  15  0:45  Probe  
  16  0:51  Gateway  
  16  1:09  Probe (Chrono Boost)  
  17  1:12  Assimilator  
  17  1:14  Assimilator  
  18  1:18  Probe (Chrono Boost)  
  18  1:23  Probe (Chrono Boost)  
  19  1:37  Pylon  
  18  1:40  Probe (Chrono Boost)  
  19  1:49  Cybernetics Core  
  19  1:51  Probe (Chrono Boost)  
  19  1:52  Gateway  
  20  1:55  Pylon  
  20  1:56  Probe (Chrono Boost)  
  21  2:19  Forge  
  21  2:26  Stalker (Chrono Boost)  
  23  2:31  Shield Battery  
  23  2:46  Probe  
  23  2:52  Protoss Ground Weapons Level 1 (Chrono Boost)  
  23  2:58  Probe  
  23  3:04  Warp Gate  
  24  3:12  Photon Cannon  
  24  3:15  Stalker (Chrono Boost)  
  26  3:28  Pylon  
  26  3:32  Probe  
  27  3:53  Twilight Council  
  27  3:55  Pylon  
  27  4:22  Gateway  
  27  4:24  Pylon  
  27  4:27  Pylon  
  27  4:33  Pylon  
  27  4:43  Dark Shrine  
  27  4:49  Gateway  
  27  5:17  Stalker x2  
  31  5:23  Pylon  
  31  5:25  Stalker  
  33  5:59  Dark Templar x2  
  33  6:00  Dark Templar  
  39  6:04  Nexus  
  39  6:13  Stalker  
  37  7:01  Dark Templar x2  
  37  7:02  Dark Templar x2  
  45  7:32  Charge (Chrono Boost)  
  43  7:38  Archon x2  
  43  7:44  Zealot x2  
  43  7:45  Zealot  
  43  7:46  Probe  
  50  7:55  Gateway  
  50  7:57  Pylon  
  50  8:00  Gateway  
  50  8:02  Pylon  
  50  8:06  Pylon  
  38  8:22  Dark Templar x2  
  38  8:26  Zealot  
  44  8:27  Zealot  
  42  9:00  Gateway  
  42  9:04  Dark Templar x2  
  42  9:05  Stalker  
  42  9:06  Stalker, Zealot  
  52  9:10  Archon  
  52  9:20  Probe x2  
  54  9:32  Probe  
  54  9:36  Zealot x2  
  59  9:47  Forge  
  59  10:02  Dark Templar x2  
  59  10:06  Archon  
  63  10:17  Dark Templar x2  
  63  10:18  Zealot  
  63  10:20  Archon  
  69  10:28  Assimilator  
  69  10:29  Assimilator  
  49  11:00  Zealot x7  
  61  11:21  Dark Templar x2  
  61  11:24  Zealot x2  
  69  11:26  Archon  
  69  11:49  Stalker x2  
  73  12:01  Stalker  
  75  12:12  Stalker x2  
  79  12:16  Zealot x2  
Show
View Real Time Build Order
Export as new Build Order

RockRiver Terran - Winner!

Build Orders:  

Get SALT Encoding   

  12  0:01  SCV  
  13  0:14  SCV  
  14  0:18  Supply Depot  
  14  0:26  SCV  
  15  0:31  Refinery  
  15  0:40  SCV  
  16  0:46  Barracks  
  16  0:53  SCV  
  17  1:05  SCV  
  18  1:18  SCV  
  19  1:30  SCV  
  20  1:39  Reaper  
  21  1:42  SCV  
  22  1:50  Command Center  
  22  1:56  Supply Depot, SCV  
  23  2:10  Factory  
  23  2:18  Barracks Reactor, SCV  
  23  2:21  Refinery  
  24  2:30  SCV  
  25  2:54  Marine x2  
  25  2:57  Orbital Command  
  27  3:02  Orbital Command  
  27  3:10  Bunker, Widow Mine  
  29  3:19  Supply Depot  
  29  3:23  Marine x2  
  31  3:31  Widow Mine  
  31  3:33  Starport  
  34  3:41  SCV x2  
  35  3:53  SCV x2  
  37  4:05  SCV x2  
  39  4:13  Marine x2  
  39  4:16  Engineering Bay  
  39  4:17  Engineering Bay  
  41  4:22  Barracks  
  41  4:27  Barracks  
  41  4:32  Starport Tech Lab, Factory Tech Lab  
  41  4:33  SCV x2  
  41  4:35  Marine  
  41  4:36  Marine  
  45  4:46  SCV  
  45  4:47  SCV  
  47  5:01  Marine  
  47  5:02  Marine  
  49  5:11  Terran Infantry Weapons Level 1  
  49  5:12  Terran Infantry Armor Level 1  
  50  5:14  SCV x2  
  50  5:16  Starport Reactor  
  50  5:19  Marine x2  
  50  5:20  Supply Depot  
  50  5:21  Supply Depot  
  53  5:26  SCV  
  54  5:31  Factory Reactor  
  54  5:35  Combat Shields  
  54  5:41  SCV x2  
  56  5:43  Refinery  
  56  5:45  Refinery  
  56  5:54  SCV  
  56  5:55  Medivac  
  56  5:56  Medivac  
  61  6:00  SCV  
  62  6:05  Supply Depot, Command Center  
  62  6:06  Supply Depot, SCV  
  62  6:11  Marine x2, Supply Depot, Marauder  
  64  6:12  Marauder  
  69  6:19  SCV  
  70  6:26  Medivac  
  70  6:27  SCV  
  70  6:29  Marine  
  70  6:33  Marauder  
  68  6:44  Missile Turret  
  66  6:56  Marine x2  
  66  6:57  Marauder x2  
  71  7:08  Missile Turret  
  71  7:12  Missile Turret  
  71  7:14  Missile Turret  
  71  7:16  Marine x2  
  71  7:18  Marine, Marauder  
  76  7:34  Marine x2  
  76  7:36  Marine  
  79  7:44  SCV x2  
  79  7:45  Armory  
  81  7:54  Barracks Tech Lab x2  
  81  7:56  SCV  
  76  8:29  Marine x3  
  76  8:30  Medivac, Marauder  
  76  8:31  Medivac  
  85  8:48  Marauder  
  86  8:51  Command Center  
  86  8:53  Stimpack, Concussive Shells  
  86  8:57  Marine x3  
  86  9:00  Medivac x2  
  93  9:08  Marine  
  94  9:19  Terran Infantry Armor Level 2, Terran Infantry Weapons Level 2  
  94  9:23  Missile Turret  
  94  9:25  Missile Turret  
  94  9:26  Missile Turret  
  94  9:30  Supply Depot x2  
  94  9:31  Supply Depot x2  
  94  9:33  Supply Depot  
  94  9:51  Marine, Medivac  
  94  9:52  Missile Turret, Marauder x2  
  101  9:59  Marine  
  102  10:05  Planetary Fortress  
  102  10:07  SCV x2  
  102  10:09  Marine  
  102  10:12  Missile Turret  
  102  10:13  Marine, Marauder  
  108  10:19  SCV  
  108  10:20  SCV  
  110  10:31  SCV, Marauder  
  113  10:42  Barracks  
  112  10:45  Barracks x2  
  100  11:00  Marine x2  
  100  11:01  Marine x2  
  100  11:03  SCV x3  
  107  11:18  Marine  
  107  11:19  Marauder x2  
  107  11:25  SCV x3  
  115  11:27  Marine  
  116  11:37  SCV x2  
  117  11:51  Barracks Reactor x3  
  117  11:57  Command Center  
  117  12:08  Marine x2  
  117  12:09  Marine x2  
  121  12:16  Missile Turret  
  121  12:17  Missile Turret  
  121  12:18  Missile Turret  
  121  12:19  Missile Turret  
Tags
 
Add a new tag
Caveats
  • Supply blocks, unpowered buildings, or Contaminate may cause inaccurate times.
  • Supply counts are checked every 10 seconds.